 Dungeon Crawl Stone Soup version 0.26.1-11-gd32895ea62 (webtiles) character file.

Game seed: 5646431742544660347

42576 buriedalive the Spry (level 13, -1/83 HPs)
             Began as a Deep Elf Ice Elementalist on July 12, 2021.
             Was an Elder of Ashenzari.
             Slain by a wyvern (4 damage)
             ... while petrified by a catoblepas
             ... on level 5 of the Lair of Beasts.
             The game lasted 00:58:03 (25186 turns).

buriedalive the Spry (Deep Elf Ice Elementalist)   Turns: 25186, Time: 00:58:04

Health: -1/83      AC: 21    Str:  5    XL:     13   Next: 86%
Magic:  14/24      EV:  2    Int: 31    God:    Ashenzari [****..]
Gold:   1211       SH:  0    Dex: 20    Spells: 9/24 levels left

rFire    + . .     SeeInvis +   a - +9 whip (elec)
rCold    . . .     Faith    .   (no shield)
rNeg     + + +     Spirit   .   y - +2 robe {rF+} (curse)
rPois    ∞         Reflect  .   p - +1 helmet (curse)
rElec    .         Harm     .   F - +1 cloak (curse)
rCorr    .         Rampage  .   N - +1 pair of gloves
Will     ++...     Clarity  +   Z - +0 pair of boots
Stlth    +++.......             o - amulet of regeneration (curse)
HPRegen  0.63/turn              s - +6 ring of intelligence
MPRegen  0.19/turn              I - ring of Nonluev {Will+ Dex+2}

@: icy armour, petrified
A: agile 1, blurry vision 1, clarity
a: Renounce Religion, Curse Item, Scrying


You were on level 5 of the Lair of Beasts.
You worshipped Ashenzari.
Ashenzari was greatly pleased with you.
You visited 3 branches of the dungeon, and saw 18 of its levels.
You also visited: Ossuary.

You collected 1211 gold pieces.

Inventory:

Hand Weapons
 a - a +9 whip of electrocution (weapon)
 t - a +3 scimitar of flaming
Missiles
 f - 637 stones
 v - 74 poisoned darts
 L - 4 curare-tipped darts
Armour
 p - a cursed +1 helmet (worn)
 y - a cursed +2 robe of fire resistance (worn)
 z - a +1 robe of cold resistance
 F - a cursed +1 cloak (worn)
 J - a +0 leather armour of cold resistance
 K - a +0 hat of willpower
 N - a +1 pair of gloves (worn)
 X - a +0 robe of the Archmagi
 Z - a +0 pair of boots (worn)
Magical Staves
 b - an uncursed staff of cold
 A - an uncursed staff of death
 V - an uncursed staff of conjuration
Jewellery
 e - an uncursed amulet of the acrobat
 o - a cursed amulet of regeneration (around neck)
 s - a +6 ring of intelligence (left hand)
 w - an uncursed ring of positive energy
 E - an uncursed ring of positive energy
 I - the ring of Nonluev (right hand) {Will+ Dex+2}
   (You took it off an orc on level 7 of the Dungeon)

   [ring of willpower]

   It affects your dexterity (+2).
   It affects your willpower, your defense against some magical effects.
 M - an uncursed amulet of reflection
 O - an uncursed ring of fire
 Y - an uncursed amulet of guardian spirit
Wands
 k - a wand of flame (40)
 u - a wand of disintegration (28)
 C - a wand of polymorph (6)
 D - a wand of iceblast (4)
 P - a wand of paralysis (7)
 R - a wand of digging (6)
Scrolls
 c - 4 scrolls of blinking
 d - 8 scrolls of teleportation
 j - 4 scrolls of amnesia
 l - a scroll of identify
 q - 2 scrolls of fear
 Q - 3 scrolls of fog
 S - 2 scrolls of magic mapping
 W - a scroll of remove curse
Potions
 g - 6 potions of curing
 h - 2 potions of resistance
 i - 4 potions of might
 m - a potion of cancellation
 n - 6 potions of flight
 r - 2 potions of invisibility
 x - 4 potions of heal wounds
 B - a potion of berserk rage
 G - 5 potions of haste
 H - a potion of brilliance
 T - a potion of magic
 U - a potion of ambrosia


   Skills:
 + Level 10.6 Fighting
 + Level 16.9(18.7) Dodging
 - Level 2.4(4.2) Stealth
 - Level 6.0 Spellcasting
 - Level 9.0 Conjurations
 - Level 6.0 Summonings
 - Level 11.7 Ice Magic


You had 9 spell levels left.
You knew the following spells:

 Your Spells              Type           Power        Failure   Level
a - Freeze                Ice            100%         1%          1
b - Frozen Ramparts       Ice            100%         1%          3
c - Ozocubu's Armour      Ice            69%          1%          3
d - Summon Ice Beast      Ice/Summ       59%          1%          4
e - Hailstorm             Conj/Ice       65%          1%          4

Your spell library contained the following spells:

 Spells                   Type           Power        Failure   Level
 Ensorcelled Hibernation  Hex/Ice        90%          1%          2
 Dazzling Flash           Conj/Hex       74%          2%          3
 Static Discharge         Conj/Air       37%          2%          3
 Corona                   Hex            10%          4%          1
 Metabolic Englaciation   Hex/Ice        22%          12%         5
 Confusing Touch          Hex            9%           14%         3
 Gell's Gravitas          Tloc           4%           14%         3
 Tukima's Dance           Hex            9%           14%         3
 Lightning Bolt           Conj/Air       18%          22%         5
 Petrify                  Tmut/Erth      9%           43%         4
 Yara's Violent Unravell  Hex/Tmut       4%           80%         5
 Ignition                 Fire           4%           100%        8
 Shatter                  Erth           4%           100%        9
 Tornado                  Air            4%           100%        9


Dungeon Overview and Level Annotations

Branches:
Dungeon (12/15)            Temple (1/1) D:6            Lair (5/6) D:10
  Swamp (0/4) Lair:4        Snake (0/4) Lair:2          Orc (0/2) D:9
Ossuary (visited)
  Slime: Lair:5-6

Altars:
Ashenzari
Cheibriados
Dithmenos
Elyvilon
Fedhas
Gozag
Hepliaklqana
Kikubaaqudgha
Makhleb
Nemelex Xobeh
Okawaru
Qazlal
Ru
Sif Muna
Trog
Uskayaw
Vehumet
Wu Jian
Xom
Yredelemnul
Zin
The Shining One

Shops:
D:7 (

Annotations:
D:7 3 runed translucent doors, promet's ghost, novice OpBr
D:10 3 runed translucent doors, Diggabert's ghost, novice FoAK
D:11 2 transporters
D:12 1 runed translucent door


Innate Abilities, Weirdness & Mutations

You are agile. (Dex +2)
Scrolls take you a little longer to read.
You possess an exceptional clarity of mind.


Message History

The wyvern bites you!!
* * * LOW HITPOINT WARNING * * *
The wyvern bites you but does no damage.
The wyvern hisses menacingly.
The wyvern bites you.
The hell rat bites you but does no damage.
The wyvern bites you!
* * * LOW HITPOINT WARNING * * *
The wyvern bites you but does no damage.
The wyvern bites you!
* * * LOW HITPOINT WARNING * * *
The wyvern bites you but does no damage. x2
The hell rat bites you!
* * * LOW HITPOINT WARNING * * *
The wyvern bites you.
* * * LOW HITPOINT WARNING * * *
The wyvern bites you!
* * * LOW HITPOINT WARNING * * *
The wyvern bites you!
You die... * #..# , .. , ##.### +,, ,,, .., #.#.# ** ** , , lY*

#..## , * * * , F###
##..# , * * ,{{#rr#
#...# * * {{ll# ###P..#
* ,.P.#l+#l# #....####
**,
.....rl@######.#..##.# ,
, ......llr....#.....<##
,, ,
......rl#....P......P# ,
*
*,.....$..##...+.......#
, **
........#####........##
,,* ** .......##
##........# , ,,*
?...... * #......#.#
.......,* #.#..#.###
#..#.# ########


You could see a catoblepas, 3 basilisks, 6 wyverns, a bullfrog (petrified) and 5
hell rats.

Vanquished Creatures
  4 hydras
  A boulder beetle (Lair:5)
  Erica (D:8)
  2 two-headed ogres
  4 death yaks (Lair:2)
  A lindwurm (Lair:4)
  A bog body (Lair:4)
  10 elephants
  A centaur zombie (D:9)
  3 black mambas
  A torpor snail (Lair:2)
  Maurice (D:8)
  8 cane toads
  A kobold demonologist (D:11)
  A rime drake (Lair:2)
  12 komodo dragons
  2 trolls
  A hornet (D:11)
  9 dream sheep
  Prince Ribbit (D:8)
  2 polar bears
  5 blink frogs (Lair:5)
  A spriggan (D:10)
  A shadow (D:12)
  A wraith (D:11)
  3 wyverns
  21 yaks
  2 basilisks
  Grum (D:8)
  A steam dragon (D:10)
  Menkaure (Ossuary)
  A soldier ant (D:10)
  15 water moccasins
  2 ice beasts
  3 sky beasts
  2 phantoms
  9 orc warriors
  3 black bears
  6 centaurs
  3 ogres
  17 wolves
  A big kobold (D:10)
  22 bullfrogs
  Blork the orc (D:6)
  A gnoll sergeant (D:11)
  A wyvern zombie (D:9)
  5 scorpions
  6 killer bees (D:10)
  11 wights
  2 howler monkeys (D:10)
  A quasit (D:6)
  2 bullfrog zombies
  7 hounds
  7 jellies
  7 orc priests
  Crazy Yiuf (D:4)
  A centaur skeleton (D:4)
  Jessica (D:2)
  Ijyb (D:5)
  6 iguanas
  6 worker ants
  Natasha (twice) (D:4)
  11 orc wizards
  A hell rat (Lair:5)
  A hound skeleton (D:6)
  3 mummies (Ossuary)
  A worker ant zombie (D:11)
  Robin (D:2)
  2 howler monkey skeletons
  2 howler monkey zombies (D:5)
  3 gnolls (D:11)
  11 adders
  A white imp (D:6)
  3 adder skeletons
  4 worms
  3 leopard geckos
  36 orcs
  7 bats
  6 giant cockroaches
  10 goblins
  3 hobgoblins
  9 jackals
  6 quokkas
  3 ball pythons
  3 frilled lizards
  6 gnoll skeletons (Ossuary)
  7 gnoll zombies (Ossuary)
  3 goblin skeletons (Ossuary)
  2 goblin zombies (Ossuary)
  2 hobgoblin skeletons (Ossuary)
  2 hobgoblin zombies (Ossuary)
  A jackal skeleton (D:5)
  8 kobolds
  5 kobold skeletons (Ossuary)
  3 kobold zombies (Ossuary)
  A leopard gecko skeleton (D:5)
  3 orc skeletons (Ossuary)
  6 orc zombies (Ossuary)
  A quokka skeleton (D:7)
  A quokka zombie (D:6)
  16 rats
  4 rat skeletons (Ossuary)
  4 rat zombies (Ossuary)
462 creatures vanquished.

Vanquished Creatures (collateral kills)
  Gastronok (Lair:1)
  Snorg (D:11)
  Fannar (Lair:3)
  A hydra (Lair:1)
  A two-headed ogre (D:10)
  An ugly thing (D:11)
  An oklob plant (D:10)
  An elephant (Lair:2)
  3 cane toads
  A rime drake (Lair:4)
  2 komodo dragons
  4 dream sheep
  6 yaks
  A basilisk (Lair:1)
  3 water moccasins
  A sky beast (D:9)
  An ice beast (D:10)
  2 bullfrogs (Lair:4)
  2 electric eels
  A white imp (D:9)
  2 orcs (D:11)
37 creatures vanquished.

Vanquished Creatures (others)
  5 dream sheep (D:7)
  A goblin skeleton (Ossuary)
  A hobgoblin skeleton (Ossuary)
  A hobgoblin zombie (Ossuary)
  28 fungi
  57 plants
93 creatures vanquished.

Grand Total: 592 creatures vanquished

Notes
Turn   | Place    | Note
-------+----------+-------------------------------------------
     0 | D:1      | buriedalive the Deep Elf Ice Elementalist began the quest
                  | for the Orb.
     0 | D:1      | Reached XP level 1. HP: 10/10 MP: 6/6
   614 | D:1      | Reached XP level 2. HP: 15/15 MP: 8/8
   632 | D:1      | Reached skill level 3 in Dodging
  1169 | D:2      | Found a radiant altar of Vehumet.
  1391 | D:2      | Reached skill level 5 in Ice Magic
  1391 | D:2      | Reached XP level 3. HP: 17/19 MP: 6/9
  1634 | D:2      | Found a faded altar of an unknown god.
  1670 | D:2      | Noticed Jessica
  1678 | D:2      | Killed Jessica
  1679 | D:2      | Reached skill level 4 in Dodging
  1679 | D:2      | Reached XP level 4. HP: 24/24 MP: 7/10
  1802 | D:2      | Noticed Robin
  2040 | D:1      | Learned a level 3 spell: Frozen Ramparts
  2044 | D:1      | Learned a level 3 spell: Ozocubu's Armour
  2191 | D:2      | Killed Robin
  2695 | D:3      | HP: 1/24 [worker ant (6)]
  2698 | D:3      | Reached XP level 5. HP: 4/28 MP: 5/11
  3383 | D:3      | Reached skill level 5 in Dodging
  3552 | D:3      | Found a stormy altar of Qazlal.
  3893 | D:4      | Found a sand-covered staircase.
  3926 | Ossuary  | Entered an ossuary
  4747 | Ossuary  | Noticed Menkaure
  4754 | Ossuary  | Killed Menkaure
  4755 | Ossuary  | Reached skill level 6 in Dodging
  4755 | Ossuary  | Reached XP level 6. HP: 20/32 MP: 5/12
  5247 | D:4      | Reached XP level 7. HP: 35/36 MP: 10/13
  5335 | D:4      | Reached skill level 7 in Dodging
  5399 | D:4      | Found a runed translucent door.
  5400 | D:4      | Noticed Crazy Yiuf
  5572 | D:4      | Noticed Natasha
  5585 | D:4      | Killed Natasha
  6042 | D:4      | Noticed Natasha
  6046 | D:4      | Killed Natasha
  6090 | D:4      | Killed Crazy Yiuf
  6177 | D:5      | Entered Level 5 of the Dungeon
  6184 | D:5      | You fall into a shaft and drop 2 floors!
  6194 | D:7      | Found Hetul Usk's Weapon Shoppe.
  6393 | D:6      | Reached skill level 8 in Dodging
  6478 | D:6      | Found a staircase to the Ecumenical Temple.
  6484 | Temple   | Entered the Ecumenical Temple
  6681 | D:6      | Reached XP level 8. HP: 36/41 MP: 14/14
  6935 | D:5      | Found an iron altar of Okawaru.
  7018 | D:5      | Noticed Ijyb
  7023 | D:5      | Killed Ijyb
  7906 | D:6      | Reached skill level 9 in Dodging
  7984 | D:6      | Noticed Blork the orc
  7994 | D:6      | Killed Blork the orc
  8908 | D:7      | Found a broken altar of Ashenzari.
  8908 | D:7      | Found a basalt altar of Yredelemnul.
  8918 | D:7      | Identified the ring of Nonluev {Will+ Dex+2}
  8919 | D:7      | Reached skill level 10 in Dodging
  8929 | D:7      | Found a glowing golden altar of the Shining One.
  8937 | D:7      | Became a worshipper of Ashenzari the Shackled
  9033 | D:7      | Reached skill level 10 in Ice Magic
  9090 | D:7      | Learned a level 4 spell: Summon Ice Beast
  9096 | D:7      | Reached XP level 9. HP: 45/46 MP: 11/15
  9149 | D:7      | Reached skill level 1 in Summonings
  9149 | D:7      | Noticed promet's ghost (novice OpBr)
  9192 | D:7      | Found an ancient bone altar of Kikubaaqudgha.
  9200 | D:7      | Reached skill level 1 in Fighting
  9209 | D:7      | Found a runed translucent gate.
  9209 | D:7      | Found a runed translucent gate.
  9211 | D:7      | Found a runed translucent gate.
  9474 | D:7      | Found a shimmering altar of Xom.
 10038 | D:8      | Gained mutation: Scrolls take you a little longer to read.
                  | [potion of mutation]
 10038 | D:8      | Gained mutation: You possess an exceptional clarity of
                  | mind. [potion of mutation]
 10038 | D:8      | Gained mutation: You are agile. (Dex +2) [potion of
                  | mutation]
 10156 | D:8      | Found an opulent altar of Gozag.
 10356 | D:8      | Reached skill level 11 in Dodging
 10557 | D:8      | Noticed Grum
 10564 | D:8      | Killed Grum
 10784 | D:8      | Reached * piety under Ashenzari
 10789 | D:8      | Noticed Erica
 10805 | D:8      | Killed Erica
 10806 | D:8      | Reached skill level 5 in Summonings
 10806 | D:8      | Reached XP level 10. HP: 37/56 MP: 8/16
 11035 | D:8      | Noticed Prince Ribbit
 11040 | D:8      | Killed Prince Ribbit
 11078 | D:8      | Noticed Maurice
 11096 | D:8      | Killed Maurice
 11424 | D:8      | Found a shimmering blue altar of Sif Muna.
 12037 | D:9      | Reached skill level 12 in Dodging
 12071 | D:9      | Noticed a two-headed ogre
 12085 | D:9      | Killed a two-headed ogre
 12269 | D:9      | Reached skill level 5 in Fighting
 12533 | D:9      | Noticed a moth of wrath
 12535 | D:9      | Found a bloodstained altar of Trog.
 12878 | D:10     | Entered Level 10 of the Dungeon
 13026 | D:10     | Reached skill level 5 in Spellcasting
 13125 | D:10     | Found a staircase to the Lair.
 13265 | D:10     | Noticed an oklob plant
 13322 | D:10     | Reached XP level 11. HP: 64/64 MP: 19/22
 13523 | D:10     | Found a runed translucent gate.
 13524 | D:10     | Found a runed translucent gate.
 13525 | D:10     | Found a runed translucent gate.
 13526 | D:10     | Noticed a 12-headed hydra
 13527 | D:10     | Noticed Diggabert's ghost (novice FoAK)
 13528 | D:10     | Noticed a nine-headed hydra
 13708 | D:10     | Reached skill level 13 in Dodging
 14150 | D:9      | Found a staircase to the Orcish Mines.
 14382 | D:10     | Noticed a two-headed ogre
 14900 | D:11     | Noticed a green ugly thing
 14912 | D:11     | Killed a green ugly thing
 15007 | D:11     | Noticed Snorg
 15122 | D:11     | Found a transporter.
 15129 | D:11     | Noticed a two-headed ogre
 15136 | D:11     | Killed Snorg
 15143 | D:11     | Killed a two-headed ogre
 15357 | D:11     | Found a transporter.
 15357 | D:11     | Noticed a boulder beetle
 15357 | D:11     | Noticed a boulder beetle
 15875 | D:12     | Found a runed translucent door.
 15954 | D:12     | Reached skill level 14 in Dodging
 16134 | D:10     | Killed an oklob plant
 16195 | D:10     | Killed a two-headed ogre
 16469 | D:10     | Learned a level 4 spell: Hailstorm
 16470 | Lair:1   | Entered Level 1 of the Lair of Beasts
 16544 | Lair:1   | Noticed an eight-headed hydra
 16552 | Lair:1   | Killed an eight-headed hydra
 16553 | Lair:1   | Reached skill level 1 in Conjurations
 16564 | Lair:1   | Reached XP level 12. HP: 73/73 MP: 8/23
 16670 | Lair:1   | Reached ** piety under Ashenzari
 17158 | Lair:1   | Noticed Gastronok
 17173 | Lair:1   | Killed Gastronok
 18595 | Lair:2   | Noticed a death yak
 18885 | Lair:2   | Noticed a death yak
 18885 | Lair:2   | Noticed a death yak
 18938 | Lair:2   | Noticed a death yak
 18939 | Lair:2   | Killed a death yak
 18940 | Lair:2   | Reached skill level 15 in Dodging
 19187 | Lair:2   | Killed a death yak
 19188 | Lair:2   | Reached skill level 5 in Conjurations
 19188 | Lair:2   | Killed a death yak
 19194 | Lair:2   | Killed a death yak
 19378 | Lair:2   | Found a staircase to the Snake Pit.
 19739 | Lair:2   | Reached *** piety under Ashenzari
 20403 | Lair:2   | Reached XP level 13. HP: 77/80 MP: 24/24
 21547 | Lair:3   | Noticed Fannar
 21696 | Lair:3   | Killed Fannar
 21807 | Lair:3   | Reached skill level 16 in Dodging
 22455 | Lair:4   | Reached skill level 10 in Fighting
 22702 | Lair:4   | Reached **** piety under Ashenzari
 23657 | Lair:4   | Found a staircase to the Swamp.
 25186 | Lair:5   | HP: 3/83 [wyvern (7)]
 25186 | Lair:5   | Slain by a wyvern

Illustrated notes

Levels and vault maps discovered:
D:1:      kennysheep_arrival_forest, layout_loops_cross
D:2:      layout_loops_ring, vehumet_crystals,
          chequers_ecumenical_altar_simple_redux, uniq_jessica, uniq_robin
D:3:      layout_loops_ring, grunt_qazlal_sundering, minivault_5,
          serial_bayou_pond_d
D:4:      layout_basic, nicolae_ossuary_entry_ruins, uniq_natasha,
          uniq_crazy_yiuf_cottage
D:5:      layout_basic, okawaru_trees_1, uniq_ijyb
D:6:      layout_loops_ring, minmay_temple_entry_enclosed_plants,
          uniq_blork_the_orc
D:7:      layout_loops_ring, kb_xom_exploding_sheep, kiku_gazebo_pond_becter,
          chequers_temple_overflow_statue_of_worship, serial_shops,
          nicolae_shop_statue_plus, gammafunk_ghost_split
D:8:      layout_basic, grunt_gozag_breadcrumbs, tgw_sif, uniq_maurice,
          uniq_grum, uniq_erica, uniq_prince_ribbit1
D:9:      layout_basic, tgw_trog, orc_0_dummy
D:10:     layout_cave_pools, dpeg_oklobed_lair, gammafunk_ghost_hydra_chop,
          the_bakery
D:11:     gammafunk_boulding_lane, layout_loops_ring, uniq_snorg
D:12:     layout_cross, lightli_church_of_beogh, uniq_kirke
Temple:   dshaligram_water_room_temple
Lair:1:   layout_hall_layers, serial_bayou_shore_a, lemuel_fruit_fields,
          uniq_gastronok
Lair:2:   layout_regular_city, dummy_snake_entry
Lair:3:   layout_regular_city, grunt_megastairs_1, uniq_fannar
Lair:4:   layout_gridlike, skrybe_swamp_entry_bodies
Lair:5:   layout_roguey [special_room_mythical_zoo], minivault_24, st_stairs_3,
          grunt_megastairs_3, infiniplex_staircase_pool

Skill      XL: |  1  2  3  4  5  6  7  8  9 10 11 12 13 |
---------------+----------------------------------------+-----
Dodging        | 3 4 6 8 10 11 12 14 15 16 | 16.9
Ice Magic      | 5 6 7 8 10 11 | 11.7
Summonings     | 5 6 |  6.0
Fighting       | 3 5 7 9 10 | 10.6
Spellcasting   | 6 |  6.0
Conjurations   | 1 6 9 |  9.0
Stealth        | |  2.4

Action                   |  1- 3 |  4- 6 |  7- 9 | 10-12 | 13-15 || total
-------------------------+-------+-------+-------+-------+-------++-------
Melee: Dagger            |    27 |       |       |       |       ||    27
       Unarmed           |     6 |       |       |       |       ||     6
       Whip              |     7 |   197 |   202 |   329 |   178 ||   913
       Staff             |       |       |       |       |    24 ||    24
 Cast: Freeze            |    30 |    14 |    15 |   133 |    24 ||   216
       Frozen Ramparts   |       |    17 |    28 |    63 |    29 ||   137
       Ozocubu's Armour  |       |     6 |    14 |    39 |    17 ||    76
       Summon Ice Beast  |       |       |       |    50 |    27 ||    77
Invok: Curse Item        |       |       |     2 |     2 |       ||     4
Evoke: Wand              |       |       |     4 |     1 |       ||     5
  Use: Potion            |       |     1 |     1 |     1 |     1 ||     4
       Scroll            |       |    12 |    16 |     6 |     5 ||    39
 Stab: Sleeping          |     5 |     6 |     4 |     9 |     2 ||    26
       Distracted        |       |     1 |       |     1 |       ||     2
Armor: Robe              |    11 |    38 |    35 |    99 |    65 ||   248
Dodge: Dodged            |    50 |   123 |   186 |   595 |   337 ||  1291
